 Dungeon Crawl Stone Soup version 0.31.0-11-ge490571c62 (webtiles) character file.

Game seed: 7825125300864237118

28 qw the Shooter (level 3, -1/18 HPs)
             Began as a Spriggan Hunter on Feb 4, 2024.
             Slain by a goblin
             ... wielding a +0 dagger
             ... led by Robin
              (4 damage)
             ... on level 2 of the Dungeon.
             The game lasted 00:00:05 (1117 turns).

qw the Shooter (Spriggan Hunter)                    Turns: 1117, Time: 00:00:06

Health: -1/18      AC:  2    Str:  7    XL:     3   Next: 0%
Magic:  4/4        EV: 19    Int: 10    God:
Gold:   44         SH:  0    Dex: 20    Spells: 2/2 levels left

rFire   . . .        a - +1 shortbow
rCold   . . .        (shield currently unavailable)
rNeg    . . .        c - +0 robe
rPois   .            (helmet restricted)
rElec   .            (no cloak)
rCorr   .            (gloves unavailable)
SInv    +            (boots unavailable)
Will    +....        (no amulet)
Stlth   ++           e - ring of willpower
HPRegen 0.23/turn    (no ring)
MPRegen 0.09/turn

%: no passive effects
@: very quick
A: very small, no large weapons, unfitting armour, see invisible, speed 3
a: no special abilities


You were on level 2 of the Dungeon.
You visited 1 branch of the dungeon, and saw 2 of its levels.

You collected 44 gold pieces.


Innate Abilities, Weirdness & Mutations

You are very small and have problems with some larger weapons.
You are too small for most types of armour.
You have supernaturally acute eyesight. (SInv)
You cover ground extremely quickly. (Speed+++)


   Skills:
 - Level 1.5 Fighting
 + Level 4.4 Ranged Weapons
 - Level 4.0 Dodging
 - Level 1.5 Stealth


You had 2 spell levels left.
You didn't know any spells.
Your spell library was empty.

Inventory:

Hand Weapons
 a - a +1 shortbow (weapon)
Armour
 c - a +0 robe (worn)
Jewellery
 e - a ring of willpower (left hand)
Scrolls
 b - a scroll of torment {unknown}
 d - a scroll of identify
Potions
 f - a potion of cancellation
 g - 4 potions of curing
 h - a potion of mutation
 k - a potion of might

Dungeon Overview and Level Annotations

Branches:
Dungeon (2/15)

Altars:

Annotations:
D:2 Robin


Message History

You shoot an arrow. The arrow closely misses the goblin. x2
The arrow barely misses the goblin.
A goblin comes into view. It is wielding a +0 dagger.
The goblin misses you.
Robin roars a battlecry!
The goblins go into a battle-frenzy!
The goblin closely misses you.
You shoot an arrow. The arrow closely misses the goblin. x2
The arrow hits the goblin.
You kill the goblin!
The goblin closely misses you.
You shoot an arrow. The arrow hits the goblin!
You kill the goblin!
You shoot an arrow. The arrow barely misses the goblin.
The arrow hits the goblin!
You kill the goblin!
The goblin completely misses you.
You shoot an arrow. The arrow hits the goblin!
You kill the goblin!
Robin throws the goblin at you!
You shoot an arrow. The arrow hits the goblin!
You kill the goblin!
The goblin completely misses you. Robin throws the goblin at you!
You shoot an arrow. The arrow misses the goblin.
The goblin completely misses you. The goblin hits you with a +0 dagger.
Robin's horned helmet rattles.
You shoot an arrow. The arrow hits the goblin.
You kill the goblin!
Robin throws the goblin at you! The goblin hits you with a +0 club.
The goblin completely misses you. The goblin hits you with a +0 dagger.
You have reached level 3!
Your experience leads to an increase in your attributes!
Increase (S)trength, (I)ntelligence, or (D)exterity?
You feel agile. x2
You shoot an arrow. The arrow barely misses the goblin.
The goblin completely misses you. The goblin barely misses you.
You shoot an arrow. The arrow hits the goblin.
The goblin is almost dead.
The goblin hits you with a +0 dagger.
You die... #.#.## ####....####..........# ...........+.......... ####....####......... #..#.## ..(.... #.#### ..gg. #.# ggS

#.# #g# #.# #@# #.#
#g# #.######### ##.##
#.......[.###...##
#..######........#
#......##.###...##
##.###.##.####..######
#.# #.........(......
#.# ####.####..######


You could see Robin, an adder, a hobgoblin (strong) and 4 goblins.

Vanquished Creatures
  2 dart slugs
  An endoplasm (D:1)
  A giant cockroach (D:1)
  10 goblins
  2 hobgoblins
  A quokka (D:1)
  A ball python (D:1)
  A bat (D:1)
  2 frilled lizards (D:2)
  A kobold (D:1)
  2 rats (D:1)
24 creatures vanquished.

Notes
Turn   | Place    | Note
-------+----------+-------------------------------------------
     0 | D:1      | qw the Spriggan Hunter began the quest for the Orb.
     0 | D:1      | Reached XP level 1. HP: 10/10 MP: 2/2
     0 | D:1      | 0 ||| qw: Version: 0.3-a-160-g6735b56
     0 | D:1      | 0 ||| qw: Game counter: 4672
     0 | D:1      | 0 ||| qw: Melee chars always use a shield: true
     0 | D:1      | 0 ||| qw: God list: Okawaru
     0 | D:1      | 0 ||| qw: Allow faded altars: false
     0 | D:1      | 0 ||| qw: Do Orc after clearing Dungeon:15 true
     0 | D:1      | 0 ||| qw: Do second Lair branch before Depths: true
     0 | D:1      | 0 ||| qw: Lair rune preference: random
     0 | D:1      | 0 ||| qw: Goals: Normal
     0 | D:1      | 0 ||| PLANNING D:1-11
    76 | D:1      | Reached skill level 3 in Dodging
   303 | D:1      | Reached XP level 2. HP: 14/14 MP: 3/3
   792 | D:1      | 792 ||| UPGRADING to ring of willpower.
   793 | D:1      | 793 ||| READING 2 scrolls labelled DUMIRIM DINO.
   793 | D:1      | 793 ||| IDENTIFYING smoky purple potion
   794 | D:1      | 794 ||| READING scroll of identify.
   794 | D:1      | 794 ||| IDENTIFYING fizzy dark potion
   795 | D:1      | 795 ||| READING scroll labelled ZIBROL QUCI.
   896 | D:1      | 896 ||| READING scroll labelled WUVEEBL ODAANA.
   896 | D:1      | 896 ||| ENCHANTING +0 shortbow.
   897 | D:1      | 897 ||| DRINKING 2 purple potions.
   898 | D:1      | 898 ||| DRINKING 4 bubbling purple potions.
   899 | D:1      | 899 ||| DRINKING 2 white potions.
   900 | D:1      | 900 ||| DROPPING scroll of butterflies.
   901 | D:1      | 901 ||| DROPPING potion of attraction.
   936 | D:2      | 936 ||| FLEEEEING.
  1106 | D:2      | Noticed Robin
  1115 | D:2      | HP: 2/14 [goblin/+0 dagger[Robin] (4)]
  1116 | D:2      | Reached XP level 3. HP: 3/18 MP: 4/4
  1117 | D:2      | Slain by a goblin

Levels and vault maps discovered:
D:1:      sevenhm_arrival_forest_fort_small_3, layout_basic, serial_forest,
          infiniplex_forest_lined_2, infiniplex_forest_clump_double,
          infiniplex_forest_lined_ring, infiniplex_forest_clump_medium,
          infiniplex_forest_lined_3, infiniplex_forest_clump_medium,
          infiniplex_forest_clump_C, infiniplex_forest_clump_medium,
          chequers_decorated_corner
D:2:      layout_loops_corners, serial_shops, shop, basic_altar, uniq_sigmund,
          uniq_robin

Skill      XL: |  1  2 |
---------------+-------+-----
Dodging        | 3 4 |  4.0
Fighting       | |  1.5
Ranged Weapons | |  4.4
Stealth        | |  1.5

Action                     || total
---------------------------++-------
   Fire: Shortbow          ||    42
    Use: Scroll            ||     4
         Potion            ||     3
 Armour: Robe              ||     9
  Dodge: Dodged            ||    11

Table legend:
 A = Non-vault XP
 B = Vault XP
 C = Vault XP percentage of total XP
 D = Non-vault monster count
 E = Vault monster count
 F = Vault count percentage of total count
                 A         B        C        D         E       F
            +---------+---------+-------+---------+---------+-------
      Total |      32 |       9 |  22.0 |      18 |       6 |  25.0
            +---------+---------+-------+---------+---------+-------
        D:1 |      24 |       0 |   0.0 |      14 |       0 |   0.0
        D:2 |       8 |       9 |  52.9 |       4 |       6 |  60.0
            +---------+---------+-------+---------+---------+-------
